 Dungeon Crawl Stone Soup version 0.22.1-2-g9c5b331383 (webtiles) character file.

119 Peloso the Skirmisher (level 4, 0/41 HPs)
             Began as a Minotaur Fighter on Dec 17, 2018.
             Slain by Edmund
             ... wielding a +3 flail of protection
              (2 damage)
             ... on level 4 of the Dungeon.
             The game lasted 00:05:21 (2448 turns).

Peloso the Skirmisher (Minotaur Fighter)            Turns: 2448, Time: 00:05:21

Health: 0/41       AC:  7    Str: 21    XL:     4   Next: 74%
Magic:  3/3        EV:  7    Int:  5    God:
Gold:   207        SH:  9    Dex: 10    Spells: 3/3 levels left

rFire    x . .     SeeInvis .   a - +0 long sword
rCold    + . .     Gourm    .   c - +0 shield
rNeg     . . .     Faith    +   b - +0 scale mail
rPois    .         Spirit   .   (helmet restricted)
rElec    .         Reflect  .   k - scarf {cloud immunity}
rCorr    .         Harm     .   (no gloves)
MR       +....                  (no boots)
Stlth    ..........             p - amulet of faith
HPRegen  0.13/turn              e - ring of protection from magic
MPRegen  0.08/turn              t - ring of ice

@: no status effects
A: retaliatory headbutt, horns 2
a: no special abilities


You were on level 4 of the Dungeon.
You were hungry.

You visited 1 branch of the dungeon, and saw 4 of its levels.

You collected 207 gold pieces.

Inventory:

Hand Weapons
 a - a +0 long sword (weapon)
Armour
 b - a +0 scale mail (worn)
 c - a +0 shield (worn)
 k - a scarf of cloud immunity (worn)
Jewellery
 e - a ring of protection from magic (left hand)
 m - an uncursed amulet of guardian spirit
 n - an uncursed ring of positive energy
 p - an amulet of faith (around neck)
 t - a ring of ice (right hand)
Wands
 q - a wand of paralysis (18)
Scrolls
 g - 2 scrolls of fog
 h - 2 scrolls of remove curse
 i - 3 scrolls of teleportation
 j - a scroll of magic mapping
 l - 3 scrolls of identify
 r - a scroll of random uselessness
 s - 3 scrolls of blinking
Potions
 d - a potion of might
 o - 2 potions of curing
Comestibles
 f - 5 rations


   Skills:
 + Level 4.5 Fighting
 + Level 4.1 Long Blades
 + Level 4.4 Armour
 + Level 0.2 Dodging
 + Level 0.1 Stealth
 + Level 4.2 Shields


You had 3 spell levels left.
You didn't know any spells.
Your spell library was empty.

Dungeon Overview and Level Annotations

Branches:
Dungeon (4/15)
 Temple: D:4-7

Altars:
Trog

Annotations:
D:4 Edmund


Innate Abilities, Weirdness & Mutations

You reflexively headbutt those who attack you in melee.
You have a pair of horns on your head.


Message History

You block Edmund's attack.
You hit Edmund but do no damage.
Edmund is heavily wounded.
Edmund hits you with a flail of protection!
* * * LOW HITPOINT WARNING * * *
You hit Edmund but do no damage.
Edmund is heavily wounded.
You block Edmund's attack.
You hit Edmund but do no damage. Your headbutt misses Edmund.
Edmund is heavily wounded.
You block Edmund's attack.
Your shield and scale mail prevent you from hitting Edmund.
You headbutt Edmund.
Edmund is severely wounded.
Edmund hits you with a flail of protection.
* * * LOW HITPOINT WARNING * * *
You barely miss Edmund. Your headbutt misses Edmund.
Edmund is severely wounded.
Edmund hits you with a flail of protection.
You die...

#.# #.# #######
###†# .......
#<..#####.......
.##..............
#.................
>....♣♣♣♣♣♣.....##
..###.........##..#
# ##♣♣♣♣♣♣@.# #
#......@.#
.........#
.........#
.........#
..........
....####.. .... ...


You could see Edmund.

Vanquished Creatures
  A worker ant (D:3)
  Natasha (twice) (D:2)
  3 adders
  2 worms
  A dart slug (D:3)
  2 leopard geckos
  4 orcs (D:3)
  3 bats (D:2)
  A giant cockroach (D:1)
  5 goblins
  7 hobgoblins
  2 quokkas (D:3)
  3 frilled lizards
  5 kobolds
  2 rats
43 creatures vanquished.

Vanquished Creatures (others)
  Natasha (D:2)
  An adder (D:2)
2 creatures vanquished.

Grand Total: 45 creatures vanquished

Notes
Turn   | Place    | Note
-------+----------+-------------------------------------------
     0 | D:1      | Peloso the Minotaur Fighter began the quest for the Orb.
     0 | D:1      | Reached XP level 1. HP: 19/19 MP: 0/0
   202 | D:1      | Reached XP level 2. HP: 13/27 MP: 1/1
   586 | D:2      | Noticed Natasha
   588 | D:2      | Noticed a crimson imp
   590 | D:2      | Killed Natasha
   632 | D:2      | Noticed Natasha
   648 | D:2      | Killed Natasha
   731 | D:2      | Killed Natasha
   823 | D:2      | Reached XP level 3. HP: 33/33 MP: 2/2
  1287 | D:3      | Found a bloodstained altar of Trog.
  1383 | D:3      | Reached XP level 4. HP: 18/41 MP: 1/3
  2418 | D:4      | Noticed Edmund
  2447 | D:4      | HP: 2/41 [Edmund/flail of protection (6)]
  2448 | D:4      | Slain by Edmund

Skill      XL: |  1  2  3  4 |
---------------+-------------+-----
Fighting       | 4 |  4.5
Armour         | 4 |  4.4
Shields        | 4 |  4.2
Long Blades    | 3 4 |  4.1
Dodging        | |  0.2
Stealth        | |  0.1

Action                   |  1- 3 |  4- 6 || total
-------------------------+-------+-------++-------
Melee: Long sword        |    91 |    49 ||   140
       Headbutt          |    11 |    12 ||    23
  Use: Scroll            |       |     7 ||     7
  Eat: Chunk             |     2 |     2 ||     4
Armor: Scale mail        |    42 |    15 ||    57
Dodge: Dodged            |    27 |    17 ||    44
Block: Shield            |    50 |    27 ||    77
       Rpst.: Long sword |     5 |     4 ||     9
